Map: Blackpink LE

Players

Harstem

  • Race: Protoss Protoss
  • League: Master
  • Spawn Location: 7:00

AxImpact (Impact) - Winner!

  • Race: Zerg Zerg
  • League: Diamond
  • Spawn Location: 1:00

Event: HomeStory Cup XVI

VOD

Have the link to the VOD?

Description

Time

  • Played on: Nov. 11, 2017, 5:27 p.m.
  • Length: 6:45

All games in this series

Show
View Real Time Build Order
Export as new Build Order

Harstem Protoss 

Build Orders: 1 Gate Expand, Oracle Opening, Phoenix Opening, Zealot Archon, Archon Drop 

Get SALT Encoding   

  1  0:00  Probe (Chrono Boost)  
  12  0:04  Probe (Chrono Boost)  
  14  0:18  Pylon  
  14  0:23  Probe (Chrono Boost)  
  15  0:38  Probe (Chrono Boost)  
  16  0:43  Gateway  
  17  0:50  Probe (Chrono Boost)  
  17  0:52  Assimilator  
  17  0:59  Probe (Chrono Boost)  
  18  1:05  Probe (Chrono Boost)  
  19  1:16  Probe (Chrono Boost)  
  20  1:23  Nexus  
  20  1:35  Cybernetics Core  
  20  1:38  Probe (Chrono Boost)  
  21  1:44  Assimilator  
  21  1:50  Probe (Chrono Boost)  
  21  1:52  Pylon  
  23  2:01  Adept  
  23  2:02  Probe (Chrono Boost)  
  23  2:14  Probe (Chrono Boost)  
  26  2:21  Adept  
  26  2:23  Stargate  
  26  2:26  Probe (Chrono Boost)  
  27  2:37  Warp Gate  
  30  2:38  Probe (Chrono Boost)  
  30  2:39  Probe (Chrono Boost)  
  31  2:48  Stalker  
  31  2:50  Probe (Chrono Boost)  
  31  2:51  Probe (Chrono Boost)  
  35  3:02  Probe (Chrono Boost)  
  35  3:03  Oracle, Probe (Chrono Boost)  
  38  3:14  Probe (Chrono Boost)  
  38  3:15  Probe (Chrono Boost)  
  42  3:24  Gateway  
  42  3:26  Probe (Chrono Boost)  
  44  3:27  Probe (Chrono Boost)  
  44  3:28  Pylon  
  44  3:38  Probe (Chrono Boost)  
  44  3:39  Probe (Chrono Boost)  
  46  3:43  Gateway  
  46  3:47  Probe (Chrono Boost)  
  44  3:50  Probe (Chrono Boost)  
  44  3:53  Assimilator, Probe (Chrono Boost)  
  44  3:55  Assimilator, Phoenix  
  48  4:03  Probe (Chrono Boost)  
  48  4:05  Probe (Chrono Boost)  
  48  4:06  Robotics Facility  
  49  4:11  Pylon  
  49  4:15  Probe (Chrono Boost)  
  51  4:17  Probe (Chrono Boost)  
  51  4:23  Pylon  
  51  4:27  Probe (Chrono Boost)  
  51  4:29  Probe (Chrono Boost)  
  51  4:30  Shield Battery  
  53  4:32  Forge  
  54  4:39  Twilight Council  
  54  4:40  Gateway  
  54  4:42  Probe (Chrono Boost)  
  54  4:43  Probe (Chrono Boost)  
  54  4:45  Zealot x2  
  60  4:59  Warp Prism  
  61  5:20  Templar Archives  
  60  5:28  Nexus  
  61  5:29  Probe (Chrono Boost)  
  61  5:30  Probe (Chrono Boost), Pylon  
  61  5:35  Pylon  
  62  5:41  Probe (Chrono Boost)  
  62  5:42  Probe (Chrono Boost)  
  64  5:43  Pylon  
  64  5:47  Pylon  
  64  5:51  Gateway  
  64  5:53  Gateway, Probe (Chrono Boost)  
  64  5:54  Probe (Chrono Boost)  
  66  5:57  High Templar x4  
  66  5:59  Immortal  
  66  6:00  Shield Battery  
  66  6:01  Archon  
  66  6:02  Archon  
  74  6:05  Pylon  
  78  6:14  Probe (Chrono Boost)  
  78  6:17  Probe (Chrono Boost)  
  80  6:19  Shield Battery  
  80  6:26  Shield Battery  
  80  6:29  Zealot x2  
  80  6:30  Zealot x2  
Show
View Real Time Build Order
Export as new Build Order

AxImpact Zerg - Winner!

Build Orders: Hatch First 

Get SALT Encoding   

  12  0:01  Drone  
  13  0:12  Overlord  
  13  0:18  Drone  
  14  0:31  Drone x2  
  14  0:35  Drone  
  17  0:54  Hatchery  
  17  0:56  Drone  
  17  1:00  Drone  
  18  1:08  Extractor  
  17  1:15  Spawning Pool  
  16  1:18  Drone  
  16  1:21  Drone  
  18  1:29  Drone  
  19  1:40  Drone  
  20  1:51  Drone  
  21  2:01  Overlord  
  21  2:05  Queen  
  21  2:06  Queen  
  21  2:07  Zergling x2  
  26  2:10  Metabolic Boost  
  26  2:14  Drone  
  27  2:17  Drone  
  28  2:25  Drone  
  28  2:28  Drone  
  30  2:32  Drone  
  31  2:41  Hatchery  
  30  2:44  Zergling x2  
  30  2:45  Zergling x2  
  33  2:51  Zergling x2  
  33  2:53  Zergling x2  
  34  2:59  Zergling x2  
  35  3:06  Overlord  
  35  3:10  Drone  
  36  3:25  Drone x5  
  36  3:26  Drone  
  42  3:30  Drone  
  42  3:33  Spore Crawler  
  41  3:34  Spore Crawler  
  41  3:36  Drone  
  41  3:39  Drone  
  42  3:45  Drone x2  
  42  3:46  Overlord  
  43  3:54  Overlord  
  43  3:55  Lair  
  43  3:56  Queen  
  43  3:57  Drone  
  43  3:59  Drone  
  43  4:00  Drone  
  48  4:03  Drone  
  48  4:05  Drone  
  48  4:07  Drone  
  48  4:08  Extractor  
  50  4:10  Extractor  
  50  4:13  Drone  
  50  4:16  Drone  
  51  4:17  Spore Crawler  
  51  4:18  Drone  
  51  4:19  Drone  
  51  4:20  Drone  
  51  4:21  Drone  
  51  4:23  Drone x3  
  56  4:27  Drone  
  56  4:28  Drone  
  58  4:33  Drone  
  58  4:37  Drone  
  58  4:38  Drone  
  61  4:41  Overlord  
  61  4:48  Overlord x2  
  61  4:52  Extractor  
  61  4:55  Hydralisk Den  
  59  5:01  Drone x7  
  59  5:06  Overlord  
  66  5:07  Overlord  
  66  5:08  Overlord x2  
  65  5:24  Hydralisk  
  65  5:25  Hydralisk x6  
  65  5:26  Hydralisk  
  80  5:28  Hydralisk  
  82  5:36  Hydralisk  
  82  5:40  Hydralisk  
  88  5:43  Hydralisk  
  88  5:46  Extractor  
  88  5:48  Hydralisk  
  89  5:57  Overseer  
  89  5:58  Zergling x24  
  89  6:01  Zergling x4  
  103  6:05  Evolution Chamber  
  103  6:09  Zergling x2  
  104  6:11  Zergling x4  
  104  6:14  Zergling x6  
  104  6:16  Zergling x2  
  109  6:21  Zergling x2  
  110  6:27  Zergling x2  
  110  6:28  Zergling x4  
Tags
 
Add a new tag
Caveats
  • Supply blocks, unpowered buildings, or Contaminate may cause inaccurate times.
  • Supply counts are checked every 10 seconds.